 Dungeon Crawl Stone Soup version 0.22-a0-587-g7d32d7c (webtiles) character file.

21 Amnesiac the Skirmisher (level 2, 0/32 HPs)
             Began as an Ogre Fighter on July 4, 2018.
             Slain by a leopard gecko (2 damage)
             ... on level 1 of the Dungeon.
             The game lasted 00:00:37 (314 turns).

Amnesiac the Skirmisher (Ogre Fighter)               Turns: 314, Time: 00:00:37

Health: 0/32       AC:  3    Str: 19    XL:     2   Next: 87%
Magic:  2/2        EV:  8    Int:  9    God:
Gold:   8          SH:  8    Dex:  8    Spells: 1/1 levels left

rFire    . . .     SeeInvis .   a - +0 trident
rCold    . . .     Gourm    .   c - +0 shield
rNeg     . . .     Faith    .   b - +0 robe
rPois    .         Spirit   .   (helmet restricted)
rElec    .         Reflect  .   (no cloak)
rCorr    .         Harm     .   (gloves unavailable)
MR       .....                  (boots unavailable)
Stlth    +.........             (no amulet)
HPRegen  0.10/turn              (no ring)
MPRegen  0.08/turn              (no ring)

@: no status effects
A: large, unfitting armour, tough skin 1
a: no special abilities


You were on level 1 of the Dungeon.
You were not hungry.

You visited 1 branch of the dungeon, and saw 1 of its levels.

You collected 8 gold pieces.

Inventory:

Hand Weapons
 a - a +0 trident (weapon)
Armour
 b - a +0 robe (worn)
 c - a +0 shield (worn)
Scrolls
 h - a scroll of teleportation {!r, unknown}
 j - a scroll of blinking {!r, unknown}
Potions
 d - a potion of might {!q}
 e - a potion of haste {!q, unknown}
 i - a potion of degeneration {!q, unknown}
Comestibles
 f - a ration
 g - 12 chunks of flesh


   Skills:
 - Level 4.0 Fighting
 - Level 2.0 Polearms
 + Level 2.4 Throwing
 - Level 2.6 Dodging
 - Level 2.6 Shields


You had one spell level left.
You didn't know any spells.
Your spell library was empty.

Dungeon Overview and Level Annotations

Branches:
Dungeon (1/15)

Altars:


Innate Abilities, Weirdness & Mutations

You are too large for most types of armour.
You have tough skin. (AC +1)


Message History

You miss the leopard gecko. The leopard gecko bites you.
You block the frilled lizard's attack. The leopard gecko bites you.
You hit the leopard gecko.
The leopard gecko is almost dead.
The frilled lizard bites you but does no damage.
You block the leopard gecko's attack. The leopard gecko bites you.
* * * LOW HITPOINT WARNING * * *
Your shield prevents you from hitting the leopard gecko.
The leopard gecko is almost dead.
The frilled lizard bites you.
* * * LOW HITPOINT WARNING * * *
The leopard gecko bites you but does no damage.
The frilled lizard bites you.
* * * LOW HITPOINT WARNING * * *
You hit the leopard gecko but do no damage.
The leopard gecko is almost dead.
The leopard gecko bites you.
* * * LOW HITPOINT WARNING * * *
The frilled lizard bites you but does no damage.
The leopard gecko bites you but does no damage.
Items here: รทรทรทรท a frilled lizard skeleton x4
You are too injured to fight recklessly!
You are too injured to fight recklessly!
You are too injured to fight recklessly!
You are too injured to fight recklessly!
You hit the frilled lizard but do no damage.
The frilled lizard barely misses you.
You miss the frilled lizard.
The frilled lizard bites you but does no damage.
You are too injured to fight recklessly!
You closely miss the frilled lizard. The frilled lizard barely misses you.
You block the frilled lizard's attack.
You are too injured to fight recklessly!
You closely miss the frilled lizard.
The frilled lizard bites you but does no damage.
You miss the frilled lizard. The frilled lizard bites you.
* * * LOW HITPOINT WARNING * * *
You are too injured to fight recklessly!
You miss the frilled lizard.
The frilled lizard bites you but does no damage.
You are too injured to fight recklessly!
You closely miss the frilled lizard. The frilled lizard bites you.
* * * LOW HITPOINT WARNING * * *
You block the frilled lizard's attack.
You are too injured to fight recklessly!
You are too injured to fight recklessly!
You hit the frilled lizard.
You kill the frilled lizard!
The leopard gecko bites you but does no damage.
You are too injured to fight recklessly!
You miss the leopard gecko.
The leopard gecko is severely wounded.
The leopard gecko bites you but does no damage.
You barely miss the leopard gecko.
The leopard gecko is severely wounded.
The leopard gecko barely misses you. The leopard gecko bites you.
* * * LOW HITPOINT WARNING * * *
You are too injured to fight recklessly!
You miss the leopard gecko.
The leopard gecko is severely wounded.
The leopard gecko bites you.
You die...

######
###PP..#
#..P...######
#.P.P#..l@..#
#..P ######.#
#.. #.....##
## #.##...#
#.##.#.#
#.#..#...
..#.######
#####....#
#......#.#


You could see a leopard gecko.

Vanquished Creatures
  A leopard gecko (D:1)
  A ball python (D:1)
  5 goblins (D:1)
  A kobold (D:1)
  2 bats (D:1)
  8 frilled lizards (D:1)
  3 rats (D:1)
21 creatures vanquished.

Notes
Turn   | Place    | Note
-------+----------+-------------------------------------------
     0 | D:1      | Amnesiac the Ogre Fighter began the quest for the Orb.
     0 | D:1      | Reached XP level 1. HP: 24/24 MP: 1/1
    42 | D:1      | Reached skill level 1 in Throwing
    87 | D:1      | Reached XP level 2. HP: 21/32 MP: 2/2
   314 | D:1      | Slain by a leopard gecko

Vault maps used:
D:1:      tarquinn_simple_flora_water_a, minmay_lizard_king

Skill      XL: |  1  2 |
---------------+-------+-----
Throwing       | 1 2 |  2.4
Fighting       | |  4.0
Polearms       | |  2.0
Dodging        | |  2.6
Shields        | |  2.6

Action                   || total
-------------------------++-------
Melee: Trident           ||    98
 Stab: Sleeping          ||     1
Armor: Robe              ||    38
Dodge: Dodged            ||    32
Block: Shield            ||    34

Table legend:
 A = Spawn XP
 B = Non-spawn XP
 C = Spawn XP percentage of total XP
 D = Spawn monster count
 E = Non-spawn monster count
 F = Spawn count percentage of total count
 G = Total turns spent on level
                    A         B        C        D         E        F      G
               +---------+---------+-------+---------+---------+-------+---------
         Total |       0 |      31 |   0.0 |       0 |      21 |   0.0 |   314
               +---------+---------+-------+---------+---------+-------+---------
           D:1 |       0 |      31 |   0.0 |       0 |      21 |   0.0 |   314
               +---------+---------+-------+---------+---------+-------+---------
